 Dungeon Crawl Stone Soup version 0.30-b1-2-g02819fbbbe (webtiles) character file.

Game seed: 9267058544104097533

109 Alarkh the Trooper (level 4, 0/34 HPs)
             Began as a Demonspawn Artificer on Nov 24, 2023.
             Slain by Grinder (6 damage)
             ... on level 3 of the Dungeon.
             The game lasted 00:02:24 (2039 turns).

Alarkh the Trooper (Demonspawn Artificer)           Turns: 2039, Time: 00:02:25

Health: 0/34       AC:  4    Str: 11    XL:     4   Next: 60%
Magic:  4/4        EV: 11    Int: 13    God:
Gold:   189        SH:  0    Dex: 18    Spells: 3/3 levels left

rFire   . . .        a - +2 dagger (venom)
rCold   . . .        (no shield)
rNeg    . . .        b - +0 leather armour
rPois   .            (no helmet)
rElec   .            (no cloak)
rCorr   .            (no gloves)
SInv    .            (no boots)
Will    .....        (no amulet)
Stlth   ++           j - ring of wizardry
HPRegen 0.25/turn    (no ring)
MPRegen 0.09/turn

%: wizardry (x1)
@: no status effects
A: hooves 1, powered by death 1, agile 1, frail 1, shaggy fur 1
a: no special abilities


You were on level 3 of the Dungeon.
You visited 1 branch of the dungeon, and saw 3 of its levels.

You collected 189 gold pieces.

Inventory:

Hand Weapons
 a - a +2 dagger of venom (weapon)
 g - a +0 club
 i - a +0 dagger
Armour
 b - a +0 leather armour (worn)
Magical Staves
 p - a staff of fire
Jewellery
 j - a ring of wizardry (left hand)
 m - an amulet of reflection
Wands
 c - a wand of flame (8) (quivered)
 d - a wand of charming (15)
 e - a wand of iceblast (4)
Scrolls
 k - a scroll of amnesia {unknown}
 l - a scroll of vulnerability {unknown}
 o - a scroll of identify {unknown}
 s - a scroll of fear {unknown}
 t - a scroll of teleportation {unknown}
 u - a scroll of brand weapon {unknown}
Potions
 f - a potion of brilliance {unknown}
 h - a potion of heal wounds
 q - a potion of ambrosia {unknown}
 r - a potion of berserk rage {unknown}
 v - a potion of cancellation {unknown}


   Skills:
 + Level 4.5 Fighting
 - Level 1.7 Armour
 - Level 0.8 Dodging
 - Level 0.8 Stealth
 - Level 3.0 Evocations


You had 3 spell levels left.
You didn't know any spells.
Your spell library contained the following spells:

 Spells                   Type           Power      Damage    Failure   Level
 Ensorcelled Hibernation  Hex/Ice        0%         N/A       24%         2
 Passwall                 Tmut/Erth      0%         N/A       24%         2
 Swiftness                Air            0%         N/A       43%         3


Dungeon Overview and Level Annotations

Branches:
Dungeon (3/15)

Altars:

Annotations:
D:3 Grinder


Innate Abilities, Weirdness & Mutations

You have large cloven feet.
You regenerate a little health from kills.
You are agile. (Dex +4, Str/Int -1)
You are frail. (-10% HP)
You are covered in fur. (AC +1)


Message History

You barely miss Grinder.
Grinder is lightly wounded.
Grinder hits you.
You writhe in agony.
You are too injured to fight recklessly!
You are too injured to fight recklessly!
You are too injured to fight recklessly!
You are too injured to fight recklessly!
It was a potion of mutation.
You feel extremely strange.
Iridescent scales grow over part of your body.
Iridescent scales spread over more of your body.
You feel frail.
You feel insulated. Grinder hits you.
You writhe in agony.
It was a potion of heal wounds.
You feel much better.
Grinder blinks!
Really quaff the potion of mutation?
You feel extremely strange.
You feel conductive.
Your iridescent scales recede somewhat.
You feel frail.
You feel agile.
Your feet thicken and deform.
Really quaff the potion of mutation?
You feel extremely strange.
Your hooves look more like feet.
Your iridescent scales disappear.
Fur sprouts all over your body.
You feel robust.
You closely miss Grinder. Your kick misses Grinder.
Grinder is moderately wounded.
Grinder hits you.
You hit Grinder but do no damage. You kick Grinder, but do no damage.
Grinder is moderately wounded.
Grinder hits you but does no damage.
You hit Grinder.
Grinder looks even sicker.
You kick Grinder.
Grinder is heavily wounded.
Grinder hits you.
You writhe in agony.
You hit Grinder. You kick Grinder.
Grinder is heavily wounded.
Grinder hits you!
You writhe in agony.
* * * LOW HITPOINT WARNING * * *
You hit Grinder but do no damage.
Grinder is heavily wounded.
Grinder hits you.
* * * LOW HITPOINT WARNING * * *
You writhe in agony.
You die...

#...##.##. ###...##.##.
####........##.
#...........##.
#.##.......###. #
#.##.....####.. ##.
#.##.#...##....
##..$####.##.######.###
#....5@....#.#......# #
##.$.####..#.#.####.###
##. #.......# ##.... #
#...#.#.###.....
#...#.#.##...#..
#...#......#.#.#
..............#.#
.##...###.#.####.# #
#.........####.#


You could see Grinder (very poisoned).

Vanquished Creatures
  4 gnolls (D:2)
  An adder (D:2)
  2 dart slugs
  3 orcs (D:2)
  4 endoplasms
  2 giant cockroaches
  8 goblins
  6 hobgoblins
  3 jackals (D:2)
  2 kobolds
  2 quokkas (D:1)
  5 ball pythons
  6 bats
  A frilled lizard (D:2)
  2 rats (D:2)
51 creatures vanquished.

Vanquished Creatures (others)
  A fungus (D:1)
1 creature vanquished.

Grand Total: 52 creatures vanquished

Notes
Turn   | Place    | Note
-------+----------+-------------------------------------------
     0 | D:1      | Alarkh the Demonspawn Artificer began the quest for the
                  | Orb.
     0 | D:1      | Reached XP level 1. HP: 15/15 MP: 1/1
   176 | D:1      | Reached skill level 2 in Fighting
   228 | D:1      | Gained mutation: You regenerate a little health from kills.
                  | [demonic ancestry]
   228 | D:1      | Reached XP level 2. HP: 14/22 MP: 2/2
   737 | D:1      | Reached skill level 3 in Fighting
   892 | D:2      | Reached XP level 3. HP: 25/29 MP: 3/3
  1018 | D:2      | Discovered your monstrous ancestry.
  1018 | D:2      | Gained mutation: You have large cloven feet. [demonic
                  | ancestry]
  1018 | D:2      | Reached XP level 4. HP: 32/37 MP: 4/4
  1023 | D:2      | Reached skill level 4 in Fighting
  1958 | D:3      | Identified the +1 scale mail "Xofarozy" {Will- Int+6}
  2021 | D:3      | Noticed Grinder
  2031 | D:3      | Gained mutation: You are partially covered in iridescent
                  | scales. (AC +2) [potion of mutation]
  2031 | D:3      | Gained mutation: You are mostly covered in iridescent
                  | scales. (AC +4) [potion of mutation]
  2031 | D:3      | Gained mutation: You are frail. (-10% HP) [potion of
                  | mutation]
  2031 | D:3      | Gained mutation: You are resistant to electric shocks.
                  | (rElec) [potion of mutation]
  2033 | D:3      | Lost mutation: You are resistant to electric shocks.
                  | (rElec) [potion of mutation]
  2033 | D:3      | Lost mutation: You are mostly covered in iridescent scales.
                  | (AC +4) [potion of mutation]
  2033 | D:3      | Gained mutation: You are very frail. (-20% HP) [potion of
                  | mutation]
  2033 | D:3      | Gained mutation: You are agile. (Dex +4, Str/Int -1)
                  | [potion of mutation]
  2033 | D:3      | Gained mutation: You have hoof-like feet. [potion of
                  | mutation]
  2034 | D:3      | Lost mutation: You have hoof-like feet. [potion of
                  | mutation]
  2034 | D:3      | Lost mutation: You are partially covered in iridescent
                  | scales. (AC +2) [potion of mutation]
  2034 | D:3      | Gained mutation: You are covered in fur. (AC +1) [potion of
                  | mutation]
  2034 | D:3      | Lost mutation: You are very frail. (-20% HP) [potion of
                  | mutation]
  2039 | D:3      | Slain by Grinder

Illustrated notes

Levels and vault maps discovered:
D:1:      dpeg_cavernosity, layout_basic, item_on_display_a
D:2:      layout_loops_ring, serial_rivers, chequers_serial_rivers_large_a,
          chequers_serial_rivers_micro_c, chequers_serial_rivers_micro_b,
          chequers_serial_rivers_micro_b, chequers_serial_rivers_small_a,
          chequers_serial_rivers_small_b
D:3:      layout_loops_ring, minitemple, grunt_decor_one_mirror,
          ebering_dispersal_statue_hall, minmay_pentangle, uniq_grinder

Skill      XL: |  1  2  3  4 |
---------------+-------------+-----
Fighting       | 2 3 4 |  4.5
Armour         | |  1.7
Dodging        | |  0.8
Stealth        | |  0.8
Evocations     | |  3.0

Action                     |  1- 3 |  4- 6 || total
---------------------------+-------+-------++-------
  Melee: Club              |    33 |       ||    33
         Dagger            |    69 |    50 ||   119
         Punch             |     1 |       ||     1
         Kick              |       |    17 ||    17
  Evoke: Wand              |     8 |       ||     8
    Use: Potion            |       |     4 ||     4
 Armour: Leather armour    |    35 |    12 ||    47
  Dodge: Dodged            |    75 |    31 ||   106
